 Dungeon Crawl Stone Soup version 0.17.1-3-g152610e (webtiles) character file.

6748 MenacingMecha the Slicer (level 11, -4/75 HPs)
             Began as a Halfling Fighter on Feb 26, 2016.
             Was a Priest of Okawaru.
             Slain by Urug
             ... wielding a +0 battleaxe
              (17 damage)
             ... while paralysed by an orc sorcerer
             ... on level 1 of the Orcish Mines.
             The game lasted 01:19:40 (12297 turns).

MenacingMecha the Slicer (Halfling Fighter)        Turns: 12297, Time: 01:19:40

Health: -4/75      AC: 12    Str: 15 (16) XL:     11   Next: 24%
Magic:  11/11      EV:  3    Int:  7      God:    Okawaru [***...]
Gold:   504        SH:  0    Dex: 18      Spells: 0 memorised, 10 levels left

rFire  . . .     SeeInvis .     a - +3 dagger (venom)
rCold  + + .     Clarity  .     F - +3 leather armour
rNeg   . . .     SustAt   .     m - +2 buckler
rPois  +         Gourm    .     B - +1 helmet
rElec  .         Spirit   .     x - +2 cloak {rPois}
rCorr  .         Warding  .     (no gloves)
rMut   .         Stasis   .     (no boots)
MR     .....                    (no amulet)
Stlth  +.........               O - ring of protection from cold
                                A - ring of protection from cold

@: confused, paralysed, not resistant to hostile enchantments, very unstealthy
A: mutation resistance 1, wild magic 1
a: Heroism, Renounce Religion


You were on level 1 of the Orcish Mines.
You worshipped Okawaru.
Okawaru was most pleased with you.
You were not hungry.

You visited 2 branches of the dungeon, and saw 13 of its levels.
You also visited: Ossuary.

You collected 514 gold pieces.
You spent 10 gold pieces at shops.

Inventory:

Hand Weapons
 a - a +3 dagger of venom (weapon)
 b - a +0 greatsling
 k - a +2 falchion of holy wrath
 y - a +0 rapier
 V - a +2 long sword of protection
Missiles
 d - 8 poisoned sling bullets
 D - 56 sling bullets
Armour
 c - a +0 shield
 m - a +2 buckler (worn)
 x - a +2 cloak of poison resistance (worn)
 B - a +1 helmet (worn)
 F - a +3 leather armour (worn)
Jewellery
 f - an uncursed amulet of resist mutation
 A - a ring of protection from cold (left hand)
 O - a ring of protection from cold (right hand)
Wands
 t - a wand of frost (22)
 z - a wand of cold (13)
 G - a wand of magic darts (23)
 Q - a wand of slowing (17)
 T - a wand of draining (7)
 Y - a wand of paralysis (15)
Scrolls
 j - 9 scrolls of identify
 l - 2 scrolls of remove curse
 q - 3 scrolls of teleportation
 u - a scroll of random uselessness
 P - a scroll of enchant weapon
 S - a scroll of magic mapping
 Z - a scroll of recharging
Potions
 g - 11 potions of curing
 h - 2 potions of flight
 i - a potion of mutation
 n - 2 potions of brilliance
 r - a potion of heal wounds
 s - a potion of degeneration
 C - 2 potions of magic
 E - a potion of might
 H - a potion of agility
 I - a potion of haste
 M - a potion of lignification
Comestibles
 e - 8 bread rations
 o - 4 chunks of flesh
 v - 2 slices of pizza
 L - 18 fruits
 R - 5 meat rations


   Skills:
 + Level 7.4 Fighting
 - Level 10.0(10.6) Short Blades
 - Level 4.3(6.5) Long Blades
 * Level 8.0 Slings
 + Level 8.1 Armour
 + Level 7.3 Dodging
 - Level 5.7 Shields


You had 10 spell levels left.
You didn't know any spells.

Dungeon Overview and Level Annotations

Branches:
Dungeon (12/15)            Temple (0/1) D:6             Orc (1/4) D:9
   Lair: D:8-11

Altars:
Dithmenos
Fedhas
Kikubaaqudgha
Nemelex Xobeh
Okawaru
Vehumet
Yredelemnul
Zin
The Shining One

Shops:
D:5 *

Annotations:
D:5 phantom
D:8 Erica, Erolcha
D:11 manual by statue, exclusion: obsidian statue
Orc:1 Urug


Innate Abilities, Weirdness & Mutations

You are small and have problems with some larger weapons.
You are somewhat resistant to further mutation.
Your spells are a little harder to cast, but a little more powerful.


Message History

The orc priest miscasts a cantrip.
The orc wizard points at you and mumbles some strange words.
You are confused.
The orc sorcerer casts a spell.
The orc priest invokes the aid of Beogh against you.
Something smites you!
The orc wizard gestures wildly while chanting.
The orc wizard flickers and vanishes!
An orc comes into view. It is wielding a hand axe.
The orc shouts! x2
The orc priest hits you but does no damage.
Something tries to affect you, but you resist.
Urug hits you with a battleaxe!!
* * * LOW HITPOINT WARNING * * *
The orange demon barely misses you. The orc priest barely misses you.
A magic dart appears from out of thin air!
The magic dart hits you!
* * * LOW HITPOINT WARNING * * *
Urug hits you with a battleaxe!
You die...

.... ......$
... ##.......
#..##........
.##...#........
...............
...............
...ooooo[(.....
...o.oo@>...$..
...o.4.........
...............
#.#............
# #............
..#.#......#..
#...........# .
#....##....##


You could see Urug, an orange demon, an orc sorcerer, 2 orc priests and 5 orcs.

Vanquished Creatures
  Pikel (D:5)
  A troll (D:10)
  Prince Ribbit (D:8)
  Sigmund (D:6)
  A hippogriff (D:11)
  3 yaks (D:10)
  3 hungry ghosts
  2 wargs (D:11)
  2 water moccasins
  4 slaves (D:5)
  5 orc warriors
  A phantom (D:5)
  A necrophage (D:9)
  2 ice beasts
  A black bear (D:7)
  A big kobold (D:9)
  5 ogres
  5 centaurs
  2 crocodiles
  2 giant frogs
  A wyvern skeleton (D:10)
  2 water moccasin zombies (Ossuary)
  3 killer bees (D:9)
  4 scorpions
  A crimson imp (D:9)
  2 centaur zombies
  9 orc priests
  A centaur skeleton (D:4)
  A giant frog zombie (D:8)
  Crazy Yiuf (D:7)
  A jelly (D:10)
  A giant frog skeleton (D:5)
  3 hounds
  12 orc wizards
  5 worker ants
  3 iguanas
  7 big kobold zombies (Ossuary)
  A hound zombie (D:4)
  A worker ant zombie (D:10)
  2 mummies (Ossuary)
  Robin (D:3)
  9 adders
  2 shadow imps
  An ooze (D:5)
  8 adder zombies (Ossuary)
  A worm (D:3)
  11 giant geckos
  69 orcs
  9 bats
  4 giant cockroaches
  A gnoll zombie (Ossuary)
  12 goblins
  8 hobgoblins
  7 quokkas
  A ball python (D:1)
  2 giant gecko zombies
  6 giant newts
  5 hobgoblin zombies (Ossuary)
  A jackal skeleton (D:4)
  12 kobolds
  3 kobold zombies (Ossuary)
  5 orc zombies (Ossuary)
  2 quokka skeletons
  5 rats
  A fungus (D:7)
291 creatures vanquished.

Vanquished Creatures (others)
  An orc (Orc:1)
1 creature vanquished.

Grand Total: 292 creatures vanquished

Notes
Turn   | Place    | Note
--------------------------------------------------------------
     0 | D:1      | MenacingMecha the Halfling Fighter began the quest for the Orb.
     0 | D:1      | Reached XP level 1. HP: 15/15 MP: 1/1
   148 | D:1      | Found a glowing golden altar of the Shining One.
   152 | D:1      | Reached XP level 2. HP: 20/20 MP: 2/2
   383 | D:1      | Reached skill level 4 in Short Blades
   783 | D:2      | Reached XP level 3. HP: 22/25 MP: 3/3
  1236 | D:2      | Reached skill level 5 in Short Blades
  1343 | D:2      | Found a basalt altar of Yredelemnul.
  1356 | D:2      | Reached XP level 4. HP: 30/30 MP: 4/4
  1700 | D:3      | Reached skill level 6 in Short Blades
  1822 | D:3      | Reached XP level 5. HP: 33/35 MP: 5/5
  2193 | D:3      | Noticed Robin
  2209 | D:3      | Killed Robin
  2209 | D:3      | Reached skill level 7 in Short Blades
  2585 | D:3      | Reached XP level 6. HP: 41/41 MP: 6/6
  2717 | D:4      | Reached skill level 8 in Short Blades
  2760 | D:4      | Found a radiant altar of Vehumet.
  2909 | D:4      | Found a sand-covered staircase.
  2945 | Ossuary  | Entered an ossuary
  3213 | Ossuary  | Reached skill level 9 in Short Blades
  3269 | Ossuary  | Reached XP level 7. HP: 41/45 MP: 7/7
  3384 | Ossuary  | Reached skill level 10 in Short Blades
  3691 | D:4      | Reached skill level 1 in Slings
  3691 | D:4      | Reached skill level 1 in Dodging
  4120 | D:5      | Entered Level 5 of the Dungeon
  4152 | D:5      | Reached XP level 8. HP: 48/52 MP: 8/8
  4884 | D:5      | Noticed Pikel
  4909 | D:5      | Killed Pikel
  4909 | D:5      | Reached skill level 5 in Slings
  4909 | D:5      | Reached skill level 5 in Armour
  4909 | D:5      | Reached XP level 9. HP: 27/58 MP: 9/9
  5715 | D:5      | Found Orchae's General Store.
  5720 | D:5      | Bought a potion of poison for 10 gold pieces
  5941 | D:6      | Noticed Sigmund
  5958 | D:6      | Found an iron altar of Okawaru.
  5960 | D:6      | Killed Sigmund
  5960 | D:6      | Reached skill level 5 in Fighting
  5983 | D:6      | Became a worshipper of Warmaster Okawaru
  6112 | D:6      | Found a staircase to the Ecumenical Temple.
  6196 | D:6      | Found a glowing silver altar of Zin.
  6445 | D:6      | Found an ancient bone altar of Kikubaaqudgha.
  6445 | D:6      | Found a shadowy altar of Dithmenos.
  6815 | D:7      | Reached skill level 5 in Dodging
  7778 | D:7      | Noticed Crazy Yiuf
  7792 | D:7      | Killed Crazy Yiuf
  7874 | D:8      | Noticed Prince Ribbit
  7922 | D:8      | Killed Prince Ribbit
  7922 | D:8      | Reached * piety under Okawaru
  7922 | D:8      | Reached XP level 10. HP: 50/67 MP: 10/10
  8223 | D:8      | Noticed Erica
  8417 | D:8      | Noticed Erolcha
  8938 | D:9      | Reached skill level 5 in Shields
  9008 | D:9      | Found a blossoming altar of Fedhas.
  9189 | D:9      | Reached skill level 1 in Long Blades
  9342 | D:9      | Found a staircase to the Orcish Mines.
  9361 | D:9      | Found a sparkling altar of Nemelex Xobeh.
  9668 | D:9      | Reached ** piety under Okawaru
 10065 | D:10     | Entered Level 10 of the Dungeon
 10501 | D:10     | Reached *** piety under Okawaru
 10613 | D:10     | Reached XP level 11. HP: 53/75 MP: 11/11
 11177 | D:11     | Noticed an obsidian statue
 11349 | D:11     | Noticed a cyan ugly thing
 11376 | D:11     | Noticed a hill giant
 11847 | Orc:1    | Entered Level 1 of the Orcish Mines
 11847 | Orc:1    | Noticed an orc sorcerer
 11992 | Orc:1    | Noticed Urug
 12044 | D:9      | Gained mutation: Your spells are a little harder to cast, but a little more powerful. [potion of beneficial mutation]
 12292 | Orc:1    | Paralysed by an orc sorcerer for 7 turns
 12297 | Orc:1    | Slain by Urug

Action                   |  1- 3 |  4- 6 |  7- 9 | 10-12 || total
-------------------------+-------+-------+-------+-------++-------
Melee: Rapier            |   103 |   319 |   132 |    32 ||   586
       Dagger            |       |   142 |   357 |   574 ||  1073
       Long sword        |       |       |       |    55 ||    55
 Fire: Hunting sling     |       |       |   112 |    50 ||   162
       Greatsling        |       |       |       |    25 ||    25
Throw: Stone             |       |    16 |     6 |     2 ||    24
Invok: Heroism           |       |       |       |     1 ||     1
  Use: Scroll            |       |     4 |     2 |    12 ||    18
       Potion            |       |       |     2 |    12 ||    14
 Stab: Sleeping          |       |       |       |     2 ||     2
  Eat: Chunk             |     1 |     6 |    12 |    16 ||    35
       Royal jelly       |       |     1 |       |     2 ||     3
       Beef jerky        |       |       |     1 |       ||     1
       Pizza             |       |       |       |     1 ||     1
